[Event "WYCC 2018 G16"]
[Site "Halkidiki"]
[Date "2018.10.23"]
[Round "5"]
[White "Jarocka, Liwia"]
[Black "Bach, Ngoc Thuy Duong"]
[Result "1-0"]
[ECO "B90"]
[WhiteElo "1990"]
[BlackElo "2161"]
[Annotator "NA"]
[PlyCount "67"]
[EventDate "2018.10.20"]
[EventType "swiss"]
[EventCountry "GRE"]
[SourceTitle "playchess.com"]
[Source "ChessBase"]
[SourceQuality "1"]
[TimeControl "40/5400+30:1800+30"]

1. e4 c5 2. Nf3 d6 3. d4 cxd4 4. Nxd4 Nf6 5. Nc3 a6 6. Be3 e5 7. Nb3 Be6 8. f3 Be7 9. Qd2 Nbd7 10. O-O-O O-O 11. g4 b5 12. g5 Nh5 13. Nd5 Bxd5 {[%emt 0:00:08] B90: Sicilian Najdorf: Unusual White 6th moves, 6 Be3 Ng4 and 6 Be3 e5} 14. exd5 f5 15. Rg1 f4 16. Bf2 {[%emt 0:00:09] [#]} g6 $146 ({Predecessor:} 16... Bxg5 17. Bh3 Be7 18. Na5 Qc7 19. Nc6 Rae8 20. Qb4 Nhf6 21. Qa3 {1-0 (39) Kobalia,M (2619)-Jakovenko,D (2748) Satka 2018}) 17. Bh3 Ng7 18. Na5 Qc7 19. Nc6 Bd8 20. Bg4 Nb6 21. h4 Nc8 22. Kb1 Qf7 23. Qb4 Bc7 24. Qe4 Bb6 25. Bxb6 Nxb6 26. h5 Rae8 27. hxg6 $16 hxg6 28. Rh1 Nf5 29. Bxf5 Qxf5 30. Qe2 Kg7 31. Rh7+ Kg8 32. Qh2 Qxg5 33. Rh8+ Kf7 34. Qh7+ 1-0

[Event "WYCC 2018 G16"]
[Site "Halkidiki"]
[Date "2018.10.23"]
[Round "5"]
[White "Aciu, Malina-Andreea"]
[Black "Getman, Tatyana"]
[Result "0-1"]
[ECO "B92"]
[WhiteElo "1976"]
[BlackElo "2195"]
[Annotator "NA"]
[PlyCount "124"]
[EventDate "2018.10.20"]
[EventType "swiss"]
[EventCountry "GRE"]
[SourceTitle "playchess.com"]
[Source "ChessBase"]
[SourceQuality "1"]
[TimeControl "40/5400+30:1800+30"]

1. e4 c5 2. Nf3 d6 3. d4 cxd4 4. Nxd4 Nf6 5. Nc3 a6 6. Be2 e5 7. Nb3 Be7 8. Be3 Be6 9. Qd3 O-O 10. Nd5 Nbd7 11. O-O Bxd5 12. exd5 Rc8 13. c4 $11 {[%emt 0:02:49] LiveBook: 76 Games} Ne8 14. Qd2 b6 15. Nc1 a5 16. a3 g6 17. b4 Ng7 18. Bd3 Re8 19. f3 f5 20. Rb1 a4 21. Ne2 f4 22. Bf2 Bh4 23. Nc3 Bxf2+ 24. Rxf2 Nf5 25. Nxa4 Ne3 26. Nb2 Kh8 27. Rc1 Qc7 28. Re1 Qd8 29. Rxe3 fxe3 30. Qxe3 Qh4 31. g3 Qd4 32. Qh6 Rg8 33. h4 Nf6 34. Qg5 Rcf8 35. Qd2 Rf7 36. Bf1 Qxd2 37. Rxd2 g5 38. hxg5 Rxg5 39. Kh2 Ng4+ 40. fxg4 Rxf1 41. Na4 Rxg4 42. Nxb6 Rc1 43. Rd3 Rc2+ 44. Kh3 Rg8 45. a4 Rb2 46. b5 Ra2 47. Rc3 Re8 48. Re3 Kg7 49. Kg4 Kg6 50. Kf3 Kf5 51. Rc3 e4+ 52. Ke3 Rg2 53. Kd4 Re2 54. Re3 Rxe3 55. Kxe3 Rg8 56. Kf2 e3+ 57. Kxe3 Rxg3+ 58. Kd4 h5 59. Nd7 h4 60. b6 Rb3 61. a5 h3 62. a6 h2 0-1

[Event "WYCC 2018 G16"]
[Site "Halkidiki"]
[Date "2018.10.23"]
[Round "5"]
[White "Djidjeli, Sarah"]
[Black "Ouellet, Maili-Jade"]
[Result "1/2-1/2"]
[ECO "B54"]
[WhiteElo "1952"]
[BlackElo "2122"]
[Annotator "NA"]
[PlyCount "115"]
[EventDate "2018.10.20"]
[EventType "swiss"]
[EventCountry "GRE"]
[SourceTitle "playchess.com"]
[Source "ChessBase"]
[SourceQuality "1"]
[TimeControl "40/5400+30:1800+30"]

1. e4 c5 2. Nf3 d6 3. d4 cxd4 4. Nxd4 Nf6 5. f3 Nc6 6. c4 e6 7. Nc3 Be7 8. Be3 O-O 9. Be2 d5 10. Nxc6 bxc6 11. cxd5 exd5 12. exd5 Nxd5 13. Nxd5 cxd5 14. O-O Bd6 15. g3 Re8 16. Bd4 Bh3 17. Rf2 Re6 18. Bf1 Bxf1 19. Qxf1 Qe7 20. Rc1 h5 21. Qh3 Be5 22. Bxe5 Rxe5 23. Kg2 Re8 24. Rc8 d4 25. Rxe8+ Qxe8 26. Qh4 Qd7 27. Rd2 g5 28. Qxh5 Qd5 29. Qg4 d3 30. Qc8+ Kh7 31. Qa6 Re3 32. Qf6 Kg8 33. g4 Re5 34. Qa6 Re3 35. Qc8+ Kg7 36. Qf5 Qd4 37. Qxg5+ Kf8 38. Qh6+ Ke7 39. Qg5+ Kf8 40. Qh6+ Ke7 41. Qa6 Qe5 42. Qa3+ Ke8 43. Rf2 f5 44. Qa4+ Kf8 45. Qb4+ Ke8 46. Qc3 Qd5 47. Qh8+ Kd7 48. Qh7+ Kd6 49. Qxa7 Rxf3 50. Qb8+ Kd7 51. Qa7+ Kd6 52. Qb6+ Kd7 53. Rxf3 d2 54. Qa7+ Kd6 55. Qa3+ Kc7 56. Qa7+ Kd6 57. Qb6+ Kd7 58. Qa7+ 1/2-1/2

[Event "WYCC 2018 G16"]
[Site "Halkidiki"]
[Date "2018.10.23"]
[Round "5"]
[White "De Silva, Tenara"]
[Black "Kvendseth, Thyra"]
[Result "0-1"]
[ECO "C45"]
[WhiteElo "1927"]
[BlackElo "1854"]
[Annotator "NA"]
[PlyCount "122"]
[EventDate "2018.10.20"]
[EventType "swiss"]
[EventCountry "GRE"]
[SourceTitle "playchess.com"]
[Source "ChessBase"]
[SourceQuality "1"]
[TimeControl "40/5400+30:1800+30"]

1. e4 e5 2. Nf3 Nc6 3. d4 exd4 4. Nxd4 Nf6 5. Nxc6 bxc6 6. e5 Qe7 7. Qe2 Nd5 8. c4 Ba6 9. b3 $11 Qh4 10. Bb2 Bb4+ 11. Kd1 O-O 12. Qf3 Nb6 13. Bd3 d5 14. exd6 Bc8 15. Qe4 Qh5+ 16. Kc2 Bxd6 17. Nd2 c5 18. Qe2 Qh6 19. Ne4 f5 20. Nc3 Bb7 21. f3 Rae8 22. Qf2 Nd7 23. Rad1 Ne5 24. Nb5 Nxd3 25. Rxd3 Be4 26. Nxd6 Bxd3+ 27. Kxd3 cxd6 28. h3 Qe6 29. Bc3 Qg6 30. Re1 Rxe1 31. Qxe1 Re8 32. Qf1 f4+ 33. Kd2 a5 34. Kc1 Ra8 35. Qf2 a4 36. Qc2 Qe6 37. Qd2 axb3 38. axb3 Rf8 39. Kc2 Rf5 40. Kc1 Kf7 41. Qf2 h5 42. Kd1 Kg8 43. Kc1 Kh7 44. Kd1 Qg6 45. Qc2 d5 46. cxd5 Rxd5+ 47. Bd2 Rf5 48. Qe4 Rf6 49. Qxg6+ Rxg6 50. Bxf4 Rxg2 51. Bd6 Rf2 52. f4 Rb2 53. Bxc5 Rxb3 54. h4 Rf3 55. Be7 Rxf4 56. Kd2 Re4 57. Bg5 Kg6 58. Kd3 Kf5 59. Bd8 Re6 60. Bg5 Kg4 61. Kd2 Re5 0-1

[Event "WYCC 2018 G16"]
[Site "Halkidiki"]
[Date "2018.10.23"]
[Round "5"]
[White "Hajiyeva, Laman"]
[Black "Goltseva, Ekaterina"]
[Result "1/2-1/2"]
[ECO "E49"]
[WhiteElo "1916"]
[BlackElo "2169"]
[Annotator "NA"]
[PlyCount "82"]
[EventDate "2018.10.20"]
[EventType "swiss"]
[EventCountry "GRE"]
[SourceTitle "playchess.com"]
[Source "ChessBase"]
[SourceQuality "1"]
[TimeControl "40/5400+30:1800+30"]

1. d4 Nf6 2. c4 e6 3. Nc3 Bb4 4. e3 O-O 5. Bd3 d5 6. a3 Bxc3+ 7. bxc3 c5 8. cxd5 Qxd5 9. Nf3 cxd4 10. cxd4 b6 11. O-O Bb7 12. Bb2 Nbd7 13. Qe2 $14 Rac8 14. Rac1 Ne4 15. Bc4 Qh5 16. Rfd1 Rfd8 17. Ne1 Qxe2 18. Bxe2 Nd6 19. f3 b5 20. e4 Nb6 21. Bc3 Ndc4 22. Bb4 a5 23. Be7 Rd7 24. Bc5 Na4 25. Nd3 h6 26. Kf2 e5 27. f4 Bxe4 28. Nxe5 Nxe5 29. fxe5 Nxc5 30. Rxc5 Rxc5 31. dxc5 Rc7 32. Rc1 b4 33. axb4 axb4 34. Bc4 Kf8 35. Bb3 Ke7 36. g3 f6 37. Ke3 Bf5 38. Kf4 Bc8 39. exf6+ Kxf6 40. Rc4 g5+ 41. Kf3 Bf5 {[%emt 0:10:52] Ke4 Ke5+} 1/2-1/2

[Event "WYCC 2018 G16"]
[Site "Halkidiki"]
[Date "2018.10.23"]
[Round "5"]
[White "Nemcova, Karin"]
[Black "Nguyen, Vu Thu Hien"]
[Result "1-0"]
[ECO "B17"]
[WhiteElo "1888"]
[BlackElo "1841"]
[Annotator "NA"]
[PlyCount "105"]
[EventDate "2018.10.20"]
[EventType "swiss"]
[EventCountry "GRE"]
[SourceTitle "playchess.com"]
[Source "ChessBase"]
[SourceQuality "1"]
[TimeControl "40/5400+30:1800+30"]

1. e4 c6 2. d4 d5 3. Nd2 dxe4 4. Nxe4 Nd7 5. Nf3 Ngf6 6. Nxf6+ Nxf6 7. c3 e6 8. Bd3 Be7 9. O-O O-O 10. Bg5 h6 11. Bh4 b6 12. Ne5 Bb7 13. Bc2 Qe8 14. Bxf6 Bxf6 15. Ng4 Be7 16. Qd3 f5 17. Rfe1 Bd6 18. Bb3 Bc8 19. Ne5 Rf6 20. Re2 a5 21. Qf3 a4 22. Bc4 Bb7 23. Rae1 Ra7 24. Nd3 Bc8 25. Nf4 Bxf4 26. Qxf4 b5 27. Bd3 Qf7 28. c4 Ba6 29. c5 Rd7 30. h4 Bb7 31. a3 Kh7 32. Bb1 Bc8 33. Rxe6 Rxd4 34. Rxf6 Qxf6 35. Qc7 Bd7 36. Ba2 Rd2 37. Qb8 Rxb2 38. Bg8+ Kg6 39. Qg3+ Kh5 40. Qf3+ Kg6 41. h5+ Kg5 42. Qd1 Bc8 43. Re8 f4 44. Rxc8 Qf5 45. Qd8+ Kxh5 46. Qe8+ g6 47. Rxc6 f3 48. Rxg6 Re2 49. Re6+ Kg5 50. Qe7+ Kf4 51. Qh4+ Qg4 52. g3+ Kf5 53. Qf6# 1-0

[Event "WYCC 2018 G16"]
[Site "Halkidiki"]
[Date "2018.10.23"]
[Round "5"]
[White "Moerwald, Magdalena"]
[Black "Gomez Barrera, Javiera Belen"]
[Result "0-1"]
[ECO "C54"]
[WhiteElo "1875"]
[BlackElo "2136"]
[Annotator "NA"]
[PlyCount "112"]
[EventDate "2018.10.20"]
[EventType "swiss"]
[EventCountry "GRE"]
[SourceTitle "playchess.com"]
[Source "ChessBase"]
[SourceQuality "1"]
[TimeControl "40/5400+30:1800+30"]

1. e4 e5 2. Nf3 Nc6 3. Bc4 Bc5 4. c3 Nf6 5. d3 d6 6. Bb3 a6 7. h3 h6 8. Nbd2 O-O 9. Nf1 d5 $11 {[%emt 0:01:53] LiveBook: 24 Games} 10. Qe2 a5 11. a4 b6 12. Ng3 Ba6 13. Bc2 Re8 14. O-O Qd7 15. Rd1 Rad8 16. Qe1 dxe4 17. dxe4 Qe6 18. Be3 Nd7 19. Nf5 Ne7 20. N3h4 Ng6 21. Rd2 Nxh4 22. Nxh4 Bxe3 23. Qxe3 Nc5 24. Rad1 Rxd2 25. Rxd2 Qf6 26. Qg3 Bc8 27. Nf3 Bb7 28. Qg4 Qf4 29. Qxf4 exf4 30. b4 Nxe4 31. Rd7 Nf6 32. Rxc7 Bd5 33. bxa5 bxa5 34. Rc5 g6 35. c4 Be4 36. Bb3 Rb8 37. Nd4 Rd8 38. Ne2 f3 39. gxf3 Bxf3 40. Nf4 Rd4 41. Nd5 Ne4 42. Rc7 Rd2 43. c5 Rb2 44. Nf6+ Nxf6 45. Bxf7+ Kh8 46. Bxg6 Rb7 47. Rc8+ Kg7 48. c6 Rb6 49. c7 Rc6 50. Bf5 Rc1+ 51. Kh2 Nh5 52. Rg8+ Kxg8 53. c8=Q+ Rxc8 54. Bxc8 Bc6 55. Be6+ Kg7 56. Bb3 Nf6 0-1

[Event "WYCC 2018 G16"]
[Site "Halkidiki"]
[Date "2018.10.23"]
[Round "5"]
[White "Nayberg, Simona"]
[Black "Sankova, Stella"]
[Result "1/2-1/2"]
[ECO "B22"]
[WhiteElo "1857"]
[BlackElo "2051"]
[Annotator "NA"]
[PlyCount "82"]
[EventDate "2018.10.20"]
[EventType "swiss"]
[EventCountry "GRE"]
[SourceTitle "playchess.com"]
[Source "ChessBase"]
[SourceQuality "1"]
[TimeControl "40/5400+30:1800+30"]

1. e4 c5 2. c3 g6 3. d4 cxd4 4. cxd4 d5 5. e5 Bg7 6. h3 Nh6 7. g4 O-O 8. f4 f6 9. Nf3 Nc6 10. Bg2 fxe5 11. fxe5 b6 12. O-O Ba6 $14 13. Re1 Rc8 14. Nc3 e6 15. Ng5 Re8 16. Be3 Kh8 17. Qd2 Qd7 18. Nxe6 Rxe6 19. Bxh6 Bxh6 20. Qxh6 Nxd4 21. Qd2 Nc6 22. Qf4 Ne7 23. Rad1 Bb7 24. Qf7 Rd8 25. Rd2 a6 26. a3 b5 27. g5 Rb6 28. e6 Qd6 29. h4 Qg3 30. Rf2 Qd6 31. Rd2 d4 32. Bxb7 Rxb7 33. Ne4 Qb6 34. Rd3 Nd5 35. Qf2 Re7 36. Nf6 Rxe6 37. Nxd5 Rxe1+ 38. Qxe1 Rxd5 39. Qe8+ Kg7 40. Qe7+ Kg8 41. Qe8+ Kg7 1/2-1/2

[Event "WYCC 2018 G16"]
[Site "Halkidiki"]
[Date "2018.10.23"]
[Round "5"]
[White "Puppi Lazo, Stephanie Beatriz"]
[Black "Palma, Maria"]
[Result "1-0"]
[ECO "C07"]
[WhiteElo "1847"]
[BlackElo "2106"]
[Annotator "NA"]
[PlyCount "45"]
[EventDate "2018.10.20"]
[EventType "swiss"]
[EventCountry "GRE"]
[SourceTitle "playchess.com"]
[Source "ChessBase"]
[SourceQuality "1"]
[TimeControl "40/5400+30:1800+30"]

1. e4 e6 2. d4 d5 3. Nd2 c5 4. Ngf3 cxd4 5. Nxd4 Nf6 6. Bb5+ Bd7 7. Bd3 Bc6 8. e5 Ne4 $14 9. O-O Qb6 10. c3 Nd7 11. N2f3 Be7 12. Qe2 Ndc5 13. Bc2 a6 14. Nxc6 bxc6 15. Nd4 h6 16. Qg4 h5 17. Qxg7 Kd7 18. b4 Rag8 19. bxc5 Nxc5 20. Qxf7 Rf8 21. Rb1 Qa7 22. Qxe7+ Kxe7 23. Nxc6+ 1-0

[Event "WYCC 2018 G16"]
[Site "Halkidiki"]
[Date "2018.10.23"]
[Round "5"]
[White "Zhang, Cindy"]
[Black "Cramling Bellon, Anna"]
[Result "1-0"]
[ECO "A45"]
[WhiteElo "1790"]
[BlackElo "2025"]
[Annotator "NA"]
[PlyCount "75"]
[EventDate "2018.10.20"]
[EventType "swiss"]
[EventCountry "GRE"]
[SourceTitle "playchess.com"]
[Source "ChessBase"]
[SourceQuality "1"]
[TimeControl "40/5400+30:1800+30"]

1. d4 Nf6 2. Bf4 d5 3. e3 c5 4. Nc3 a6 5. dxc5 Nc6 6. Nf3 e6 7. Na4 Bxc5 8. Nxc5 Qa5+ 9. c3 Qxc5 10. Ne5 O-O 11. Bd3 Ne4 12. O-O Nxe5 13. Bxe5 f6 14. Bd4 Qc7 15. c4 Bd7 16. cxd5 exd5 17. Qb3 Kh8 18. Qxd5 Bc6 19. Qf5 g6 20. Qg4 Rae8 21. Rac1 Qd6 22. Rfd1 Rf7 23. Qh4 g5 24. Qh5 Qd7 25. Bxe4 Rxe4 26. Bxf6+ Rxf6 27. Rxd7 Bxd7 28. Qxg5 Rg6 29. Qd8+ Be8 30. f3 Ree6 31. f4 Rg7 32. Rc8 Rge7 33. Kf2 Kg8 34. Qd5 Kh8 35. f5 Re4 36. f6 R7e5 37. Qf7 Rf5+ 38. Ke2 1-0

[Event "WYCC 2018 G16"]
[Site "Halkidiki"]
[Date "2018.10.23"]
[Round "5"]
[White "Mikic, Ivana"]
[Black "Cotun, Mihaela"]
[Result "1/2-1/2"]
[ECO "B53"]
[WhiteElo "1783"]
[BlackElo "1482"]
[Annotator "NA"]
[PlyCount "89"]
[EventDate "2018.10.20"]
[EventType "swiss"]
[EventCountry "GRE"]
[SourceTitle "playchess.com"]
[Source "ChessBase"]
[SourceQuality "1"]
[TimeControl "40/5400+30:1800+30"]

1. e4 c5 2. Nf3 d6 3. d4 cxd4 4. Qxd4 a6 5. c4 Nc6 6. Qd3 g6 7. Nc3 Bg7 8. Be3 Nf6 9. Nd4 Ne5 10. Qd2 Bd7 11. Be2 Rc8 12. b3 Qa5 13. Rc1 b5 14. cxb5 Nxe4 15. Nc6 Rxc6 16. bxc6 Nxd2 17. cxd7+ Nxd7 18. Bxd2 O-O 19. Na4 Qd5 20. Bf3 Qe6+ 21. Be3 Ne5 22. Be2 d5 23. Nc5 Qd6 24. O-O Nc6 25. Nxa6 d4 26. Rfd1 e5 27. Bf3 Ne7 28. Nc5 Nf5 29. Bd2 Rb8 30. a4 Ne7 31. a5 Nd5 32. a6 Nb6 33. a7 Re8 34. Nb7 Qe7 35. Ba5 Na8 36. Bd5 e4 37. Rc4 Qg5 38. Rc5 Qg4 39. f3 exf3 40. Bxf3 Qf4 41. Nd8 Be5 42. h3 Qe3+ 43. Kh1 Qf4 44. Kg1 Qe3+ 45. Kh1 1/2-1/2

[Event "WYCC 2018 G16"]
[Site "Halkidiki"]
[Date "2018.10.23"]
[Round "5"]
[White "Kalyva, Kyriaki"]
[Black "Miroshnik, Ekaterina"]
[Result "0-1"]
[ECO "E46"]
[WhiteElo "1779"]
[BlackElo "2023"]
[Annotator "NA"]
[PlyCount "82"]
[EventDate "2018.10.20"]
[EventType "swiss"]
[EventCountry "GRE"]
[SourceTitle "playchess.com"]
[Source "ChessBase"]
[SourceQuality "1"]
[TimeControl "40/5400+30:1800+30"]

1. d4 e6 2. c4 Nf6 3. Nc3 Bb4 4. e3 O-O 5. Nge2 c6 {[%emt 0:00:00] E46: Nimzo-Indian: Rubinstein: 4 e3 0-0 5 Ne2 without early Bd3} (5... d5 6. a3 Be7 7. cxd5 exd5 8. Nf4 Re8 9. Bd3 Bd6 10. O-O Bxf4 11. exf4 Nc6 12. Be3 Ne7 13. Qc2 g6 14. f3 Bf5 15. g4 Bxd3 16. Qxd3 {½-½ (48) Caruana,F (2811)-So,W (2792) Wijk aan Zee 2018}) 6. a3 Ba5 7. b4 Bc7 8. e4 d5 9. e5 Nfd7 10. cxd5 exd5 11. g3 a5 $146 ({Predecessor:} 11... f6 12. exf6 Qxf6 13. f4 {½-½ (50) Ranaldi,L (2278)-Lund,G (1914) Oslo 2017}) 12. b5 f6 13. bxc6 bxc6 14. Bg2 Nb6 15. exf6 Qxf6 16. O-O Bg4 17. h3 Bf3 18. Qd3 Bxg2 19. Kxg2 $15 N8d7 20. Bf4 Bxf4 21. Nxf4 Rae8 22. Kg1 Qg5 23. Ng2 Nc4 24. Ne2 Qd2 25. Nef4 Qxd3 26. Nxd3 Nd2 27. Rfd1 Nf3+ 28. Kf1 Nxd4 29. Ndf4 Nb3 30. Rab1 a4 31. Rb2 Nb6 32. Rc2 Nc4 33. Nd3 Nd4 34. Rcc1 Ne2 35. Ngf4 Nxc1 36. Rxc1 g5 37. Ne2 Nd2+ 38. Ke1 Nb3 39. Rb1 c5 40. Ndc1 d4 41. Kd1 Rxf2 0-1

[Event "WYCC 2018 G16"]
[Site "Halkidiki"]
[Date "2018.10.23"]
[Round "5"]
[White "Staravoitava, Hanna"]
[Black "Bogdanic, Katarina"]
[Result "1-0"]
[ECO "B20"]
[WhiteElo "1768"]
[BlackElo "2014"]
[Annotator "NA"]
[PlyCount "75"]
[EventDate "2018.10.20"]
[EventType "swiss"]
[EventCountry "GRE"]
[SourceTitle "playchess.com"]
[Source "ChessBase"]
[SourceQuality "1"]
[TimeControl "40/5400+30:1800+30"]

1. e4 c5 2. g3 Nc6 3. Bg2 d6 4. d3 g6 5. Ne2 Bg7 6. O-O Nf6 7. Nbc3 O-O 8. h3 Rb8 9. f4 Qc7 10. g4 Nd7 11. f5 Nd4 12. Nd5 Nxe2+ 13. Qxe2 Qd8 14. Bg5 Nf6 15. Ne3 h6 16. Bh4 g5 17. Bg3 Nd7 18. c3 Be5 19. Be1 b5 20. h4 b4 21. Rf3 bxc3 22. bxc3 f6 23. d4 cxd4 24. cxd4 Bf4 25. Nd5 Kh7 26. Nxf4 gxf4 27. g5 fxg5 28. hxg5 Qb6 29. Bf2 Ba6 30. Qd1 Rg8 31. Rb3 Qc7 32. Rc1 Qa5 33. Rxb8 Nxb8 34. g6+ Kg7 35. Bh4 Qd8 36. Qb3 Rf8 37. Qe6 Bc8 38. Rxc8 1-0

[Event "WYCC 2018 G16"]
[Site "Halkidiki"]
[Date "2018.10.23"]
[Round "5"]
[White "Golsta, Ramona"]
[Black "Duson, Robin"]
[Result "0-1"]
[ECO "A43"]
[WhiteElo "1681"]
[BlackElo "1999"]
[Annotator "NA"]
[PlyCount "62"]
[EventDate "2018.10.20"]
[EventType "swiss"]
[EventCountry "GRE"]
[SourceTitle "playchess.com"]
[Source "ChessBase"]
[SourceQuality "1"]
[TimeControl "40/5400+30:1800+30"]

1. d4 Nf6 2. Nf3 c5 3. d5 e6 4. Nc3 b5 5. dxe6 fxe6 6. Bg5 b4 7. Ne4 d5 8. Ng3 Be7 9. e3 $15 (9. e4 $5) 9... O-O 10. Be2 Nbd7 11. a3 bxa3 12. Rxa3 Qc7 13. O-O Bb7 14. c4 d4 15. exd4 cxd4 16. b4 Bxb4 17. Rb3 Be7 18. Nxd4 Nc5 19. Re3 Rad8 20. Qa1 h6 21. Nb5 Qb8 22. Bxf6 Rxf6 23. Nh5 Rg6 24. Rg3 Rxg3 25. fxg3 e5 26. Qxa7 Qxa7 27. Nxa7 Rd2 28. Re1 g6 29. Bf1 Nd3 30. Bxd3 Bc5+ 31. Kf1 Bxg2# 0-1

[Event "WYCC 2018 G16"]
[Site "Halkidiki"]
[Date "2018.10.23"]
[Round "5"]
[White "Simkunaite, Gabija"]
[Black "Ros Alonso, Joana"]
[Result "0-1"]
[ECO "C16"]
[WhiteElo "1650"]
[BlackElo "1952"]
[Annotator "NA"]
[PlyCount "76"]
[EventDate "2018.10.20"]
[EventType "swiss"]
[EventCountry "GRE"]
[SourceTitle "playchess.com"]
[Source "ChessBase"]
[SourceQuality "1"]
[TimeControl "40/5400+30:1800+30"]

1. e4 e6 2. d4 d5 3. Nc3 Bb4 4. e5 Ne7 5. a3 Bxc3+ 6. bxc3 b6 7. Qg4 Ng6 8. h4 h5 9. Qg3 Ba6 10. Bd3 Bxd3 11. cxd3 c5 12. dxc5 Qc7 13. Nf3 Nd7 14. d4 bxc5 $11 15. O-O Nb6 16. Nd2 Qe7 17. Nf3 Nc4 18. Bg5 Qd7 19. Nd2 Qa4 20. Nxc4 Qxc4 21. Rfd1 Rb8 22. Rab1 O-O 23. Qe3 Rb3 24. Rxb3 Qxb3 25. Ra1 Rc8 26. g4 cxd4 27. Qxd4 hxg4 28. h5 Nf8 29. Qxg4 Rc4 30. Qg2 Qxc3 31. Rb1 Qxe5 32. h6 Qf5 33. Rb3 Rg4 34. Rg3 Rxg3 35. Qxg3 gxh6 36. Bxh6+ Qg6 37. Bxf8 Qxg3+ 38. fxg3 Kxf8 0-1

[Event "WYCC 2018 G16"]
[Site "Halkidiki"]
[Date "2018.10.23"]
[Round "5"]
[White "Akti, Ezgi"]
[Black "Hoesley, Aria"]
[Result "1-0"]
[ECO "B06"]
[WhiteElo "1643"]
[BlackElo "1831"]
[Annotator "NA"]
[PlyCount "141"]
[EventDate "2018.10.20"]
[EventType "swiss"]
[EventCountry "GRE"]
[SourceTitle "playchess.com"]
[Source "ChessBase"]
[SourceQuality "1"]
[TimeControl "40/5400+30:1800+30"]

1. e4 g6 2. d4 Bg7 3. Nc3 d6 4. f4 a6 5. Nf3 b5 6. a3 Bb7 7. Be3 Nf6 8. Bd3 Nbd7 9. e5 Nd5 10. Nxd5 Bxd5 11. O-O O-O 12. Rc1 Rc8 13. c4 bxc4 14. Bxc4 Bxc4 15. Rxc4 Nb6 16. Rc6 Rb8 17. Qc1 Nd5 18. Rf2 Rb6 19. Bd2 Qa8 20. Rxb6 cxb6 21. Ng5 Rc8 22. Qb1 h6 23. Ne4 dxe5 24. fxe5 Qc6 25. Qf1 Ne3 26. Bxe3 Qxe4 27. Qxa6 Rf8 28. Qe2 g5 29. b4 Ra8 30. Bc1 Qxd4 31. Qf3 Rf8 32. Bb2 Qc4 33. Qe3 Rd8 34. Rf1 b5 35. Rc1 Qg4 36. Qf3 Qxf3 37. gxf3 Rd5 38. Re1 Rd2 39. Bc1 Rc2 40. f4 g4 41. Be3 Rc3 42. Bc5 Rxa3 43. Bxe7 Bf8 44. Bxf8 Kxf8 45. e6 fxe6 46. Rxe6 Rb3 47. Re4 Kf7 48. Kg2 Kf6 49. Rd4 Ke6 50. f5+ Ke5 51. Rxg4 Kxf5 52. Rh4 Kg5 53. Rd4 Kf6 54. Re4 Rc3 55. Rf4+ Ke6 56. Rh4 Rc4 57. Kg3 Kd7 58. Rf4 Kd6 59. h4 h5 60. Kf3 Kc6 61. Ke3 Rc3+ 62. Ke4 Rc4+ 63. Kf5 Kd5 64. Kg5 Ke5 65. Rf5+ Kd6 66. Rxb5 Kc6 67. Rc5+ Rxc5+ 68. bxc5 Kxc5 69. Kxh5 Kd6 70. Kg6 Ke7 71. Kg7 1-0

[Event "WYCC 2018 G16"]
[Site "Halkidiki"]
[Date "2018.10.23"]
[Round "5"]
[White "De Freitas, Isabella Ribeiro Co"]
[Black "Esadze, Tamari"]
[Result "0-1"]
[ECO "A25"]
[WhiteElo "1605"]
[BlackElo "1911"]
[Annotator "NA"]
[PlyCount "118"]
[EventDate "2018.10.20"]
[EventType "swiss"]
[EventCountry "GRE"]
[SourceTitle "playchess.com"]
[Source "ChessBase"]
[SourceQuality "1"]
[TimeControl "40/5400+30:1800+30"]

1. c4 e5 2. Nc3 Nc6 3. g3 g6 4. Bg2 Bg7 5. Nf3 Nge7 6. O-O O-O 7. Rb1 d6 8. b4 a6 9. a4 f5 10. b5 axb5 11. cxb5 Na5 12. e3 e4 13. Nd4 c5 14. bxc6 bxc6 15. f3 Bxd4 16. exd4 Ba6 17. Re1 Bd3 18. Ra1 Qb6 19. fxe4 Qxd4+ 20. Kh1 fxe4 21. Bxe4 Nd5 22. Qg4 Nxc3 23. Qe6+ Rf7 24. Bxd3 Nd1 25. Rxd1 Qxa1 26. Rf1 Raf8 27. Kg2 Kg7 28. Re1 Qd4 29. Re3 Nb7 30. Qa2 Qd5+ 31. Qxd5 cxd5 32. Bc2 Nc5 33. Bb2+ Kg8 34. Bc3 Rf2+ 35. Kh3 d4 36. Bxd4 Rxd2 37. Bxc5 dxc5 38. Bb3+ Kg7 39. Re7+ Kh6 40. Re4 Rff2 41. a5 Kg5 42. Re5+ Kf6 43. Re6+ Kf5 44. g4+ Kf4 45. Rf6+ Kg5 46. Rxf2 Rxf2 47. Kg3 Rb2 48. Bd5 Rb5 49. h4+ Kf6 50. a6 Ra5 51. Bb7 Ke5 52. Kf3 Kd4 53. Ke2 Ra2+ 54. Kd1 Kc3 55. Bc8 Kb2 56. Ke2 Ra3 57. a7 c4 58. h5 Rxa7 59. hxg6 hxg6 0-1

[Event "WYCC 2018 G16"]
[Site "Halkidiki"]
[Date "2018.10.23"]
[Round "5"]
[White "Bania, Eleni"]
[Black "Xing, Ashley"]
[Result "1/2-1/2"]
[ECO "C28"]
[WhiteElo "1454"]
[BlackElo "1889"]
[Annotator "NA"]
[PlyCount "107"]
[EventDate "2018.10.20"]
[EventType "swiss"]
[EventCountry "GRE"]
[SourceTitle "playchess.com"]
[Source "ChessBase"]
[SourceQuality "1"]
[TimeControl "40/5400+30:1800+30"]

1. e4 e5 2. Nc3 Nf6 3. Bc4 Nc6 4. d3 Na5 5. Bb3 Nxb3 6. axb3 d6 7. Nf3 Bg4 8. O-O Be7 9. Bg5 O-O 10. Qe2 h6 11. Bh4 Re8 12. Nd1 Nh5 13. Bxe7 Qxe7 14. Ne3 Nf4 15. Qd1 Bd7 16. Re1 Qf6 17. Nd5 Qg6 18. Nxf4 exf4 19. Kh1 a6 20. Qd2 Qf6 21. Qc3 Qxc3 22. bxc3 g5 23. h3 f6 24. Nd4 Kg7 25. Kg1 Kg6 26. Kf1 Kf7 27. Re2 h5 28. b4 g4 29. h4 Re7 30. Rae1 Rae8 31. Nf5 Bxf5 32. exf5 Rxe2 33. Rxe2 Re5 34. d4 Rxf5 35. c4 c5 36. c3 b5 37. cxb5 axb5 38. bxc5 dxc5 39. dxc5 Rxc5 40. Rb2 Kg6 41. Ke2 Rxc3 42. Rxb5 f3+ 43. gxf3 Rxf3 44. Rb8 Rh3 45. Kf1 Rxh4 46. Kg2 Rh3 47. Rb5 Rf3 48. Rc5 h4 49. Rc2 f5 50. Rc8 h3+ 51. Kg1 h2+ 52. Kh1 Rxf2 53. Rg8+ Kf7 54. Rf8+ {[%emt 0:00:55] Rf3} 1/2-1/2

[Event "WYCC 2018 G16"]
[Site "Halkidiki"]
[Date "2018.10.23"]
[Round "5"]
[White "Sild, Marta Pauliine"]
[Black "Leonova, Ameliya"]
[Result "0-1"]
[ECO "B31"]
[WhiteElo "1394"]
[BlackElo "1736"]
[Annotator "NA"]
[PlyCount "94"]
[EventDate "2018.10.20"]
[EventType "swiss"]
[EventCountry "GRE"]
[SourceTitle "playchess.com"]
[Source "ChessBase"]
[SourceQuality "1"]
[TimeControl "40/5400+30:1800+30"]

1. e4 c5 2. Nf3 Nc6 3. Bb5 g6 4. O-O Bg7 5. c3 Nf6 6. Re1 O-O 7. d4 d5 8. exd5 Qxd5 9. Bxc6 Qxc6 10. Rxe7 Be6 11. Ne5 Qc8 12. Bg5 Nd5 13. Nf3 h6 14. Bh4 g5 15. Rxe6 Qxe6 16. Bg3 cxd4 17. Nxd4 Qb6 18. Nb3 Rad8 19. N1d2 a5 20. a4 Rfe8 21. Qf3 Qf6 22. h3 Qxf3 23. Nxf3 b6 24. Nbd4 Rd7 25. Kf1 Nc7 26. Rb1 Ne6 27. Nf5 Nc5 28. Nxg7 Kxg7 29. b3 Rd3 30. Be5+ f6 31. Bd4 Nxb3 32. Kg1 Nxd4 33. cxd4 Ra3 34. Rxb6 Rxa4 35. d5 Ra1+ 36. Kh2 a4 37. Ra6 a3 38. Ra7+ Kg6 39. d6 a2 40. Kg3 Rd8 41. d7 Rh1 42. Rxa2 Rxd7 43. Ra6 Rd3 44. Kg4 h5+ 45. Kg3 Rb3 46. Rc6 h4+ 47. Kg4 Rb4+ 0-1